 Dungeon Crawl Stone Soup version 0.29-a0-653-gd47aff6735 (webtiles) character file.

Game seed: 5285931288860281677

7 ytrimaz the Scratcher (level 1, -2/10 HPs)
             Began as a Felid Chaos Knight on June 21, 2022.
             Was a Plaything of Xom.
             Slain by a jackal (3 damage)
             ... on level 1 of the Dungeon.
             The game lasted 00:00:35 (243 turns).

ytrimaz the Scratcher (Felid Chaos Knight)           Turns: 243, Time: 00:00:36

Health: -2/10      AC:  1    Str:  8    XL:     1   Next: 91%
Magic:  2/2        EV: 17    Int: 13    God:    Xom [....*.]
Gold:   50         SH:  0    Dex: 15    Spells: 0/0 levels left
                                        Lives:  0   Deaths: 0

rFire   . . .      SeeInvis +     - Unarmed
rCold   . . .      Faith    .   (shield unavailable)
rNeg    . . .      Spirit   .   (body armour unavailable)
rPois   .          Reflect  .   (helmet unavailable)
rElec   .          Harm     .   (cloak unavailable)
rCorr   .          Rampage  .   (gloves unavailable)
Will    .....                   (boots unavailable)
Stlth   +.........              (no amulet)
HPRegen 0.03/turn               (no ring)
MPRegen 0.08/turn               (no ring)

@: quick
A: very small, claws 1, fangs 3, see invisible, speed 1, shaggy fur 1, stealthy
paws, no weapons or thrown items, no armour, multi-lived
a: Renounce Religion


You were on level 1 of the Dungeon.
You worshipped Xom.
You were a beloved toy of Xom.
You visited 1 branch of the dungeon, and saw 1 of its levels.

You collected 50 gold pieces.

Inventory:

Miscellaneous
 a - a piece from Xom's chessboard (14/15) (quivered)


   Skills:
 - Level 3.0 Fighting
 - Level 3.2 Dodging
 + Level 3.5 Unarmed Combat


You couldn't memorise any spells.
You didn't know any spells.
Your spell library was empty.

Dungeon Overview and Level Annotations

Branches:
Dungeon (1/15)

Altars:

Shops:
D:1 !:


Innate Abilities, Weirdness & Mutations

You have sharp claws.
You have razor-sharp teeth.
You have supernaturally acute eyesight. (SInv)
You cover ground quickly. (Speed+)
You are covered in fur. (AC +1)
Your paws help you pounce on unaware monsters.
You are incapable of wielding weapons or throwing items.
You cannot wear armour.
You gain extra lives every three experience levels.


Message History

The jackal attacks as you move away! The jackal closely misses you. "Whee!"
Your surroundings suddenly seem different.
Your surroundings suddenly seem different.
Your surroundings suddenly seem different. 2 jackals come into view.
Found a hand axe.
Found Oweul's Book Emporium.
Your surroundings suddenly seem different.
The jackal moves out of view. x2
The jackal barks!
The jackal barks! x2; You hear a bark! x2
There is an entrance to Odogiah's Distillery here.
There are no items here.
The jackal barks! "Ka-boom!"
The fireball engulfs the jackal!
The jackal dies!
The fireball engulfs the jackal.
The jackal dies!
The fireball engulfs the jackal!!
The jackal dies!
You hear an angry hiss.
The jackal barely misses you. The jackal bites you.
Unknown command.
The jackal attacks as you move away! The jackal misses you.
You scratch the jackal but do no damage.
The jackal bites you.
You scratch the jackal but do no damage.
Your bite misses the jackal. The jackal bites you.
You closely miss the jackal. The jackal completely misses you.
The jackal misses you. The jackal bites you.
* * * LOW HITPOINT WARNING * * *
You closely miss the jackal. The jackal closely misses you.
A frilled lizard comes into view.
The jackal misses you.
Unknown command.
You closely miss the jackal. The jackal bites you.
* * * LOW HITPOINT WARNING * * *
The jackal closely misses you. The jackal bites you.
You die...

#...)...# ## .#
#...# #. .# #.l.#
## #. ..#
#...####... .##.#
#.....##.. #...
#...#.....####.####
#..................
#..h...##.....#####
#.@##..##....h.....
#.h##...w..........
##...∩.†.........##
#....###........#
###..# ##########
#..# ####


You could see 2 jackals and a frilled lizard (wandering).

Vanquished Creatures
  2 endoplasms (D:1)
  A goblin (D:1)
  A hobgoblin (D:1)
  A quokka (D:1)
  A frilled lizard (D:1)
6 creatures vanquished.

Vanquished Creatures (others)
  A dart slug (D:1)
  3 jackals (D:1)
4 creatures vanquished.

Grand Total: 10 creatures vanquished

Notes
Turn   | Place    | Note
-------+----------+-------------------------------------------
     0 | D:1      | ytrimaz the Felid Chaos Knight began the quest for the Orb.
     0 | D:1      | Reached XP level 1. HP: 10/10 MP: 2/2
   110 | D:1      | XOM: silly message
   183 | D:1      | Found a faded altar of an unknown god.
   200 | D:1      | XOM: 3-stop teleportation journey
   224 | D:1      | Found Odogiah's Distillery.
   231 | D:1      | Found Oweul's Book Emporium.
   231 | D:1      | XOM: 4-stop teleportation journey
   237 | D:1      | XOM: destruction
   243 | D:1      | Slain by a jackal

Illustrated notes

Levels and vault maps discovered:
D:1:      giann_wishing_wells, layout_rooms, serial_shops, shop,
          nicolae_square_shop, nicolae_shop_temple_entry_statues_fountains,
          hellmonk_ecumenical_altar_arch_garden

Action                   || total
-------------------------++-------
Melee: Unarmed           ||    19
       Bite              ||     1
Evoke: Piece from Xom's  ||     1
 Stab: Sleeping          ||     1
Dodge: Dodged            ||    16

Table legend: (Time is in decaauts)
 A = Elapsed time spent in this place.
 B = Non-inter-level travel time spent in this place.
 C = Inter-level travel time spent in this place.
 D = Time resting spent in this place.
 E = Time spent auto-exploring this place.
 F = Levels seen in this place.
 G = Mean time per level.
                   A        B        C        D        E       F      G
               +--------+--------+--------+--------+--------+-----+--------+
         Total |    223 |    223 |      0 |      0 |    165 |   1 |  223.0 |
       Dungeon |    223 |    223 |      0 |      0 |    165 |   1 |  223.0 |
               +--------+--------+--------+--------+--------+-----+--------+

Top non-repeatable levels by time:
     D:1: 223 daAuts
